Klaus, neutral male human Monk ---------------- -------- |.a............. -.....`.| #..a@..a........| ###|..............| ####...............| ## ----------------# ################1##### # # # ### -.------ # |..<...| ###|....... #.......| |......| -------- Klaus the Initiate Experience level: 7 Strength: 17 Dexterity: 14 Constitution: 12 Intelligence: 9 Wisdom: 14 Charisma: 10 Health: 0(52) Energy: 45(45) AC: 4 Gold: 776 Moves: 2157 Your Inventory: Coins $ - 776 gold pieces Weapons m - an [uncursed +0] crude dagger [orcish] Armor a - an uncursed +2 pair of leather gloves (being worn) b - an uncursed +1 robe (being worn) Comestibles g - an uncursed food ration h - an uncursed apple i - 5 uncursed oranges j - 2 uncursed fortune cookies q - 2 [uncursed] lichen corpses Scrolls k - 2 uncursed scrolls of light C - an uncursed scroll of create monster D - 2 [uncursed] unlabeled scrolls [of blank paper] E - an uncursed scroll of destroy armor F - an [uncursed] scroll labeled VENZAR BORGAVVE [of fire] H - an [uncursed] scroll labeled NR 9 [of enchant armor] Spellbooks c - a blessed spellbook of sleep I - an [uncursed] spellbook of jumping Potions e - an uncursed potion of healing f - a blessed potion of healing n - an [uncursed] greasy potion [of enlightenment] o - 2 [uncursed] potions of extra healing r - 3 uncursed potions of speed G - 3 uncursed potions of hallucination L - an [uncursed] cloudy potion [of blindness] M - a [cursed] orange potion [of levitation] Rings p - a [blessed] +1 ring of gain dexterity (on left hand) y - a cursed ring of levitation z - a cursed +3 ring of increase accuracy A - a cursed ring of polymorph O - a [blessed +1] pearl ring [of gain intelligence] Wands B - a [cursed] grooved wand named no message [of secret door detection (0:11)] Tools K - 18 [uncursed wax] candles R - an [uncursed] blindfold Gems U - an [uncursed] black gem [worthless glass] Spells known in the end: Name Level Category Fail Memory a - sleep 1 enchantment 0% [||||||||] b - jumping 1 escape 0% [||||||||] Your skills at the end: Fighting Skills martial arts [Skilled / Grand Master] Weapon Skills Spellcasting Skills healing spells [Basic / Expert] Final Attributes: You were piously aligned. Hunger level was 535. Your alignment was 20 / 20. Monster difficulty range was 1 - 7. Level difficulty was 8. You were immune to sleep. You were immune to poison. You saw invisible. You were warned. You were stealthy. You were fast. Your luck was zero. You are dead. Vanquished creatures: a small mimic an orc mummy a dingo a dust vortex a Woodland-elf 5 Uruk-hai a rock mole a shrieker a violet fungus a kobold mummy a wax golem a dwarf 2 hill orcs 4 rothes 6 orc zombies 3 dwarf zombies an iguana 9 killer bees an acid blob a hobgoblin a cave spider a brown mold 2 green molds 5 Keystone Kops a gecko 2 goblins 7 sewer rats 4 lichens a kobold zombie 4 newts 71 creatures vanquished. Voluntary challenges: You were an atheist. You were vegetarian. You used a wielded weapon 1 time. You read items or engraved 7 times. You put on armor 2 times. You never genocided any monsters. You never polymorphed an object. You never changed form. You used no wishes. You never wrote Elbereth's name. You encountered 1 bones level. You never used any Sokoban shortcuts. Dungeon overview: The Dungeons of Doom: levels 1 to 8 Level 1 some fountains a long staircase Level 2 a fountain, a sink Level 3 a general store, a fountain a long staircase Level 4 a general store Level 5 a general store, a fountain Level 7 some fountains Level 8 <- You were here History has recorded: On T:1 you entered the Dungeons of Doom to retrieve the Amulet of Yendor! On T:298 you reached level 2 of The Dungeons of Doom. On T:429 you advanced to experience level 2. On T:571 you advanced to experience level 3. On T:677 you reached level 3 of The Dungeons of Doom. On T:749 you advanced to experience level 4. On T:937 you advanced to experience level 5. On T:978 you reached level 4 of The Dungeons of Doom. On T:1179 you advanced to experience level 6. On T:1244 you reached level 5 of The Dungeons of Doom. On T:1380 you reached level 6 of The Dungeons of Doom. On T:1594 you advanced to experience level 7. On T:1708 you reached level 7 of The Dungeons of Doom. On T:2114 you reached level 8 of The Dungeons of Doom. Latest messages: The soldier ant stings! The soldier ant bites! The soldier ant misses. [HP-15=37] The soldier ant bites! The soldier ant stings! The soldier ant bites! The soldier ant stings! The soldier ant bites! The soldier ant misses. [HP-28=9] [HP+1=10] Pick an object. A soldier ant on the floor of a room. You feel better. The soldier ant bites! The soldier ant stings! The soldier ant bites! The soldier ant stings! You die... Final status: Punardarsanaya Klaus the Monk... You died in The Dungeons of Doom on dungeon level 8 with 3925 points, and 776 pieces of gold, after 2157 moves. You were level 7 with a maximum of 52 hit points when you died.